 Dungeon Crawl Stone Soup version 0.27-a0-385-g3208abaabc (webtiles) character file.

Game seed: 4124203518338524118

58 jestyr24 the Skirmisher (level 3, -4/34 HPs)
             Began as a Minotaur Fighter on Feb 20, 2021.
             Slain by an ogre
             ... wielding a +0 giant club
              (12 damage)
             ... on level 3 of the Dungeon.
             The game lasted 00:07:00 (1825 turns).

jestyr24 the Skirmisher (Minotaur Fighter)          Turns: 1825, Time: 00:07:00

Health: -4/34      AC:  7    Str: 21    XL:     3   Next: 76%
Magic:  2/2        EV:  7    Int:  5    God:
Gold:   67         SH:  9    Dex:  9    Spells: 2/2 levels left

rFire    . . .     SeeInvis .   a - +0 long sword
rCold    . . .     Faith    .   c - +0 kite shield
rNeg     . . .     Spirit   .   b - +0 scale mail
rPois    .         Reflect  .   (helmet restricted)
rElec    .         Harm     .   (no cloak)
rCorr    .         Rampage  .   (no gloves)
Will     .....                  (no boots)
Stlth    ..........             (no amulet)
HPRegen  0.11/turn              (no ring)
MPRegen  0.08/turn              (no ring)

@: no status effects
A: retaliatory headbutt, horns 2
a: no special abilities


You were on level 3 of the Dungeon.
You visited 1 branch of the dungeon, and saw 3 of its levels.

You collected 67 gold pieces.

Inventory:

Hand Weapons
 a - a +0 long sword (weapon)
Missiles
 k - 23 poisoned darts (quivered)
Armour
 b - a +0 scale mail (worn)
 c - a +0 kite shield (worn)
Jewellery
 n - a ring of ice {unknown}
 p - a ring of flight {unknown}
Scrolls
 e - a scroll of random uselessness {unknown}
 g - 3 scrolls of enchant armour {unknown}
 i - 3 scrolls of teleportation {unknown}
 l - a scroll of amnesia {unknown}
 o - a scroll of identify {unknown}
Potions
 d - a potion of might
 f - a potion of mutation {unknown}
 h - 2 potions of curing {unknown}
 j - 3 potions of lignification {unknown}
 m - a potion of cancellation {unknown}


   Skills:
 * Level 4.7 Fighting
 + Level 3.1 Long Blades
 + Level 4.0 Armour
 + Level 0.7 Dodging
 + Level 3.9 Shields


You had 2 spell levels left.
You didn't know any spells.
Your spell library was empty.

Dungeon Overview and Level Annotations

Branches:
Dungeon (3/15)

Altars:
Cheibriados
Makhleb


Innate Abilities, Weirdness & Mutations

You reflexively headbutt those who attack you in melee.
You have a pair of horns on your head.


Message History

You hit the orc.
The orc is heavily wounded.
You block the orc's attack. The orc hits you with a +0 dagger.
You slash the orc!
You kill the orc!
You block the hobgoblin's attack.
You closely miss the hobgoblin.
The hobgoblin hits you but does no damage. x2
You hit the hobgoblin but do no damage. Your headbutt misses the hobgoblin.
You block the hobgoblin's attack.
You closely miss the hobgoblin. You headbutt the hobgoblin.
The hobgoblin is severely wounded.
The hobgoblin hits you but does no damage.
The ogre hits you with a +0 giant club!!
Ouch! That really hurt!
* * * LOW HITPOINT WARNING * * *
The hobgoblin hits you.
* * * LOW HITPOINT WARNING * * *
You slash the ogre!
The ogre is moderately wounded.
The ogre barely misses you.
You riposte.
You slash the ogre! Your headbutt misses the ogre.
The ogre is heavily wounded.
The hobgoblin completely misses you.
You slash the ogre!
The ogre is almost dead.
You block the ogre's attack. The hobgoblin barely misses you.
The hobgoblin hits you but does no damage.
The ogre hits you with a +0 giant club.
* * * LOW HITPOINT WARNING * * *
Your shield prevents you from hitting the ogre.
The ogre is almost dead.
The hobgoblin closely misses you.
You riposte.
You closely miss the hobgoblin. Your headbutt misses the hobgoblin.
The hobgoblin is severely wounded.
You block the ogre's attack.
You barely miss the ogre.
The ogre is almost dead.
You block the hobgoblin's attack. The ogre hits you with a +0 giant club!
You die...

.........###...
...........#...
................
............#...
............#...
................
......g.....#.##
#.O@....#..#
#######........
#...........#.......
#...........#.......
#......†....#.......
#...................
.........###.......
..........##....####
..........##........


You could see an ogre and a hobgoblin.

Vanquished Creatures
  An adder (D:3)
  2 dart slugs (D:1)
  3 leopard geckos
  An orc (D:3)
  11 bats
  3 goblins
  4 hobgoblins
  7 kobolds
  A quokka (D:2)
  2 ball pythons
  A frilled lizard (D:1)
  3 rats
39 creatures vanquished.

Notes
Turn   | Place    | Note
-------+----------+-------------------------------------------
     0 | D:1      | jestyr24 the Minotaur Fighter began the quest for the Orb.
     0 | D:1      | Reached XP level 1. HP: 19/19 MP: 0/0
   184 | D:1      | Reached XP level 2. HP: 27/27 MP: 1/1
   837 | D:2      | Reached XP level 3. HP: 34/34 MP: 2/2
  1279 | D:2      | Found a snail-covered altar of Cheibriados.
  1336 | D:2      | Found a burning altar of Makhleb.
  1815 | D:3      | Noticed an ogre
  1825 | D:3      | Slain by an ogre

Illustrated notes

Levels and vault maps discovered:
D:1:      zaba_arrival_water, layout_loops_corners
D:2:      layout_basic, overflow_temple_1_default, old_standard_altar
D:3:      layout_basic, grunt_dithmenos_smoke_and_mirrors

Skill      XL: |  1  2  3 |
---------------+----------+-----
Fighting       | 4 |  4.7
Long Blades    | 3 |  3.1
Armour         | 4 |  4.0
Dodging        | |  0.7
Shields        | |  3.9

Action                   || total
-------------------------++-------
Melee: Long sword        ||    84
       Headbutt          ||    12
Armor: Scale mail        ||    50
Dodge: Dodged            ||    35
Block: Kite shield       ||    69
       Rpst.: Long sword ||     6

Table legend: (Time is in decaauts)
 A = Elapsed time spent in this place.
 B = Non-inter-level travel time spent in this place.
 C = Inter-level travel time spent in this place.
 D = Time resting spent in this place.
 E = Time spent auto-exploring this place.
 F = Levels seen in this place.
 G = Mean time per level.
                   A        B        C        D        E       F      G
               +--------+--------+--------+--------+--------+-----+--------+
         Total |   1872 |   1831 |     41 |    263 |   1114 |   3 |  624.0 |
       Dungeon |   1872 |   1831 |     41 |    263 |   1114 |   3 |  624.0 |
               +--------+--------+--------+--------+--------+-----+--------+

Top non-repeatable levels by time:
     D:1: 817 daAuts
     D:2: 694 daAuts
     D:3: 360 daAuts
